 Dungeon Crawl Stone Soup version 0.30.1-11-g7821555f0a (webtiles) character file.

Game seed: 15773423726320031297

1586 ipreemptive the Trooper (level 8, -6/65 HPs)
             Began as a Demonspawn Gladiator on Dec 31, 2023.
             Was a Follower of Qazlal.
             Mangled by Duvessa
             ... wielding a +1 short sword of holy wrath
              (7 damage)
             ... on level 7 of the Dungeon.
             The game lasted 00:22:01 (6269 turns).

ipreemptive the Trooper (Demonspawn Gladiator)      Turns: 6269, Time: 00:22:01

Health: -6/65      AC:  6    Str: 17    XL:     8   Next: 61%
Magic:  8/8        EV: 19    Int:  9    God:    Qazlal [*.....]
Gold:   321        SH:  1    Dex: 17    Spells: 7/7 levels left

rFire   + + .        a - +0 flail
rCold   + . .        (no shield)
rNeg    . . .        b - +0 leather armour
rPois   +            (helmet restricted)
rElec   +            n - +0 cloak {rPois}
rCorr   +            (no gloves)
SInv    .            (no boots)
Will    .....        (no amulet)
Stlth   ++           k - +5 ring of evasion
HPRegen 0.30/turn    (no ring)
MPRegen 0.11/turn

%: no passive effects
@: resistant
A: antennae 1, thin metallic scales 1, powered by death 2, spiny 2, hooves 1,
thin skeletal structure 1, fire resistance 1
a: Renounce Religion


You were on level 7 of the Dungeon.
You worshipped Qazlal.
Qazlal was aware of your devotion.
You visited 2 branches of the dungeon, and saw 8 of its levels.
You also visited: Ossuary.

You collected 321 gold pieces.

Inventory:

Hand Weapons
 a - a +0 flail (weapon)
Missiles
 d - 5 throwing nets (quivered)
 e - 6 javelins
 t - 2 silver javelins
Armour
 b - a +0 leather armour (worn)
 c - a +0 helmet
 n - a +0 cloak of poison resistance (worn)
Jewellery
 g - an amulet of faith
 k - a +5 ring of evasion (left hand)
Wands
 r - a wand of polymorph (19)
 A - a wand of charming (11)
Scrolls
 f - 2 scrolls of blinking {unknown}
 h - 2 scrolls of silence {unknown}
 l - 10 scrolls of identify {unknown}
 o - 3 scrolls of fog {unknown}
 q - 2 scrolls of fear {unknown}
 s - a scroll of enchant armour {unknown}
 v - a scroll of torment {unknown}
 w - 4 scrolls of amnesia {unknown}
 y - a scroll of teleportation {unknown}
 z - a scroll of poison {unknown}
 B - a scroll of vulnerability {unknown}
Potions
 i - a potion of cancellation
 j - 2 potions of haste {unknown}
 m - a potion of lignification {unknown}
 p - a potion of attraction
 u - 2 potions of might {unknown}
 C - 2 potions of brilliance {unknown}


   Skills:
 * Level 6.7 Fighting
 - Level 5.0 Maces & Flails
 - Level 1.7 Throwing
 - Level 5.0 Armour
 - Level 5.1 Dodging


You had 7 spell levels left.
You didn't know any spells.
Your spell library contained the following spells:

 Spells                   Type           Power      Damage    Failure   Level
 Necrotise                Necr           0%         1d4       43%         1
 Vampiric Draining        Necr           0%         2d6       82%         3
 Agony                    Necr           0%         N/A       100%        5


Dungeon Overview and Level Annotations

Branches:
Dungeon (7/15)             Temple (1/1) D:5         Ossuary (visited)

Altars:
Ashenzari
Cheibriados
Dithmenos
Fedhas
Gozag
Makhleb
Nemelex Xobeh
Qazlal
Trog
Wu Jian
Xom
Yredelemnul

Shops:
D:6 =

Annotations:
D:7 Dowan, Duvessa


Innate Abilities, Weirdness & Mutations

You have a pair of small antennae on your head.
You are partially covered in thin metallic scales. (AC +2)
You regenerate health from kills.
You are mostly covered in sharp spines.
You have large cloven feet.
You have a somewhat thin skeletal structure. (Dex +2, Stealth+)
Your flesh is heat resistant. (rF+)


Message History

Duvessa is lightly wounded.
Duvessa barely misses you.
You sock Duvessa! You kick Duvessa, but do no damage.
Duvessa is moderately wounded.
Duvessa is struck by your spines.
Duvessa hits you with a +1 short sword of holy wrath.
You convulse!
You closely miss Duvessa. You kick Duvessa, but do no damage.
Duvessa is heavily wounded.
Duvessa hits you with a +1 short sword of holy wrath.
You convulse.
Dowan casts a spell at Duvessa.
Duvessa seems to speed up.
You hit Duvessa but do no damage. Your kick misses Duvessa.
Duvessa is heavily wounded.
Duvessa is struck by your spines. Duvessa hits you but does no damage.
Dowan completely misses you.
Duvessa hits you with a +1 short sword of holy wrath.
You convulse.
You hit Duvessa. You kick Duvessa.
Duvessa is heavily wounded.
Duvessa is struck by your spines.
Duvessa hits you with a +1 short sword of holy wrath.
You convulse!
* * * LOW HITPOINT WARNING * * *
Dowan barely misses you. Duvessa closely misses you. Dowan closely misses you.
You feel protected. Duvessa is struck by your spines.
Duvessa closely misses you. Dowan is struck by your spines.
Dowan hits you with a +0 dagger.
* * * LOW HITPOINT WARNING * * *
You feel better.
Duvessa hits you with a +1 short sword of holy wrath.
* * * LOW HITPOINT WARNING * * *
You convulse.
* * * LOW HITPOINT WARNING * * *
Duvessa is struck by your spines.
Duvessa hits you with a +1 short sword of holy wrath!
* * * LOW HITPOINT WARNING * * *
You convulse!
You die...

....##.............#
#.......###......##
##......## ##.....#
#......## ##....##
......### ##......#
...#....####.......##
....................##
......###.....#.<....##
.....## ###...#.@.....#
###..# ##...ee....##
#..# ##.......##
#..#########.....##
###.........#......#
#........e.........#
..................##
................#.#
..................#


You could see Duvessa (fast) and Dowan.

Vanquished Creatures
  Eustachio (D:4)
  A sky beast (D:6)
  A black bear (D:5)
  2 centaurs (D:5)
  2 ogres
  A bullfrog (D:5)
  4 scorpions
  2 bullfrog zombies (Ossuary)
  2 hounds (D:5)
  2 orc priests
  2 jellies (D:4)
  A sleepcap (D:4)
  Ijyb (D:4)
  An iguana (D:6)
  An orc wizard (D:3)
  A killer bee zombie (Ossuary)
  11 adders
  4 gnolls (D:6)
  An ufetubus (D:3)
  2 worms (D:2)
  2 dart slugs (D:2)
  18 orcs
  5 bats
  14 endoplasms
  4 giant cockroaches
  14 goblins
  9 hobgoblins
  4 quokkas
  12 ball pythons
  4 frilled lizards
  A goblin zombie (D:4)
  3 kobolds
  7 rats
  A rat zombie (D:4)
141 creatures vanquished.

Vanquished Creatures (collateral kills)
  An orc (D:2)
1 creature vanquished.

Grand Total: 142 creatures vanquished

Notes
Turn   | Place    | Note
-------+----------+-------------------------------------------
     0 | D:1      | ipreemptive the Demonspawn Gladiator began the quest for
                  | the Orb.
     0 | D:1      | Reached XP level 1. HP: 16/16 MP: 1/1
   184 | D:1      | Gained mutation: You are partially covered in thin metallic
                  | scales. (AC +2) [demonic ancestry]
   184 | D:1      | Reached XP level 2. HP: 23/23 MP: 2/2
   385 | D:1      | Reached skill level 3 in Fighting
  1113 | D:2      | Reached XP level 3. HP: 29/29 MP: 3/3
  1556 | D:2      | Reached skill level 4 in Fighting
  1753 | D:2      | Gained mutation: You regenerate a little health from kills.
                  | [demonic ancestry]
  1753 | D:2      | Reached XP level 4. HP: 32/38 MP: 4/4
  2078 | D:2      | Reached skill level 5 in Fighting
  2134 | D:3      | Gained mutation: You are partially covered in sharp spines.
                  | [demonic ancestry]
  2134 | D:3      | Reached XP level 5. HP: 42/44 MP: 5/5
  2647 | D:2      | Gained mutation: You have a somewhat thin skeletal
                  | structure. (Dex +2, Stealth+) [potion of mutation]
  2647 | D:2      | Gained mutation: Your flesh is heat resistant. (rF+)
                  | [potion of mutation]
  2647 | D:2      | Gained mutation: You have large cloven feet. [potion of
                  | mutation]
  3203 | D:3      | Found a faded altar of an unknown god.
  3208 | D:3      | Found a basalt altar of Yredelemnul.
  3307 | D:4      | HP: 1/44 [sleepcap (17)]
  3330 | D:4      | Gained mutation: You are mostly covered in sharp spines.
                  | [demonic ancestry]
  3330 | D:4      | Reached XP level 6. HP: 43/51 MP: 6/6
  3447 | D:4      | Noticed Ijyb
  3466 | D:4      | Killed Ijyb
  3563 | D:4      | Reached skill level 5 in Maces & Flails
  3906 | D:4      | Found a sand-covered staircase.
  3914 | Ossuary  | Entered an ossuary
  3929 | Ossuary  | Reached skill level 1 in Armour
  3952 | D:4      | Gained mutation: You regenerate health from kills. [demonic
                  | ancestry]
  3952 | D:4      | Reached XP level 7. HP: 9/56 MP: 7/7
  4214 | D:4      | Noticed Eustachio
  4301 | D:5      | Entered Level 5 of the Dungeon
  4461 | D:5      | Found a staircase to the Ecumenical Temple.
  4470 | Temple   | Entered the Ecumenical Temple
  4500 | Temple   | Became a worshipper of Qazlal Stormbringer
  4769 | D:5      | Reached skill level 5 in Armour
  4895 | D:5      | Gained mutation: You have a pair of small antennae on your
                  | head. [demonic ancestry]
  4895 | D:5      | Reached XP level 8. HP: 57/63 MP: 8/8
  5136 | D:6      | Found Yvvep's Jewellery Shoppe.
  5352 | D:6      | Reached skill level 5 in Dodging
  5422 | D:6      | Reached * piety under Qazlal
  5423 | D:6      | Reached skill level 6 in Fighting
  5923 | D:4      | Killed Eustachio
  6241 | D:7      | Noticed Duvessa
  6241 | D:7      | Noticed Dowan
  6269 | D:7      | HP: 1/65 [Duvessa/+1 short sword of holy wrath (10)]
  6269 | D:7      | Mangled by Duvessa

Illustrated notes

Levels and vault maps discovered:
D:1:      doesnt_arrival_eight_statues, layout_basic
D:2:      layout_basic, minmay_randomly_rotated_circles
D:3:      layout_rooms, nicolae_overflow_ecumenical_swirl
D:4:      layout_loops_ring, enter_ossuary_4, uniq_eustachio, uniq_ijyb
D:5:      layout_basic, minmay_temple_entry_overgrown
D:6:      layout_basic, serial_shops, nicolae_shop_tiny_glass
D:7:      layout_layer_cave, grunt_ministairs_3, uniq_duvessa, uniq_maggie
Temple:   nicolae_temple_bog_church

Skill      XL: |  1  2  3  4  5  6  7  8 |
---------------+-------------------------+-----
Fighting       | 3 4 5 6 |  6.7
Maces & Flails | 4 5 |  5.0
Armour         | 2 5 |  5.0
Dodging        | 3 5 |  5.1
Throwing       | |  1.7

Action                     |  1- 3 |  4- 6 |  7- 9 || total
---------------------------+-------+-------+-------++-------
  Melee: Flail             |   169 |   143 |    97 ||   409
         Kick              |       |    25 |    31 ||    56
         Unarmed           |       |     5 |       ||     5
         Punch             |       |       |     3 ||     3
    Use: Potion            |       |    10 |     2 ||    12
   Stab: Sleeping          |     1 |     2 |     3 ||     6
 Armour: Leather armour    |    97 |    68 |    25 ||   190
  Dodge: Dodged            |   181 |   118 |    96 ||   395
